 Dungeon Crawl Stone Soup version 0.31.0-11-ge490571c62 (webtiles) character file.

Game seed: 12859888736494756021

1682 Rassilon the Insei (level 8, 0/65 HPs)
             Began as a Demonspawn Monk on Feb 2, 2024.
             Was a Priest of Wu Jian.
             Slain by a wight
             ... wielding a +3 morningstar
              (13 damage)
             ... on level 6 of the Dungeon.
             The game lasted 00:22:24 (4062 turns).

Rassilon the Insei (Demonspawn Monk)                Turns: 4062, Time: 00:22:24

Health: 0/65       AC:  4    Str: 19    XL:     8   Next: 71%
Magic:  8/8        EV: 15    Int: 11    God:    Wu Jian [***...]
Gold:   269        SH:  0    Dex: 16    Spells: 7/7 levels left

rFire   . .          .
                       - Unarmed
rCold   . . .        (no shield)
rNeg    . . .        m - +2 robe {Will+}
rPois   .            (helmet restricted)
rElec   .            (no cloak)
rCorr   .            C - +1 Delatra's gloves {ID++}
SInv    .            (no boots)
Will    +....        t - amulet of regeneration
Stlth   +            f - +6 ring of strength
HPRegen 1.10/turn    (no ring)
MPRegen 0.11/turn

%: no passive effects
@: corroded
A: horns 1, spiny 1, sharp scales 2
a: Renounce Religion, Wall Jump, Serpent's Lash


You were on level 6 of the Dungeon.
You worshipped Wu Jian.
Wu Jian was most pleased with you.
You visited 2 branches of the dungeon, and saw 7 of its levels.

You collected 269 gold pieces.

Inventory:

Hand Weapons
 e - a +1 whip of chaos
Missiles
 a - 17 poisoned darts (quivered)
 y - 3 silver javelins
Armour
 j - a +1 pair of gloves
 m - a +2 robe of willpower (worn)
 C - the +1 Delatra's gloves (worn) {ID++}
   (You found it on level 6 of the Dungeon)

   ID++:      It heals its wearer when they drink unknown potions, and restores
   their MP when they read unknown scrolls.
Jewellery
 f - a +6 ring of strength (left hand)
 t - an amulet of regeneration (around neck)
 v - an amulet of guardian spirit
 w - a ring of protection from fire
Talismans
 k - a beast talisman
 A - a storm talisman
Wands
 l - a wand of polymorph (8)
 n - a wand of roots (8)
Scrolls
 d - 2 scrolls of teleportation
 g - a scroll of revelation
 h - a scroll of enchant armour
 o - a scroll of noise {unknown}
 s - 2 scrolls of fog {unknown}
 u - a scroll of immolation {unknown}
 x - 4 scrolls of identify
Potions
 b - 2 potions of ambrosia
 c - a potion of curing
 i - a potion of attraction
 p - a potion of haste
 q - a potion of lignification
 r - 2 potions of might
 z - a potion of resistance {unknown}
 B - 2 potions of magic {unknown}
 D - a potion of brilliance {unknown}


   Skills:
 + Level 6.3 Fighting
 + Level 5.7 Dodging
 * Level 7.7 Unarmed Combat


You had 7 spell levels left.
You didn't know any spells.
Your spell library was empty.

Dungeon Overview and Level Annotations

Branches:
Dungeon (6/15)             Temple (1/1) D:4

Altars:
Cheibriados
Dithmenos
Fedhas
Hepliaklqana
Kikubaaqudgha
Nemelex Xobeh
Okawaru
Qazlal
Ru
Sif Muna
Trog
Uskayaw
Vehumet
Wu Jian
Xom
Yredelemnul


Innate Abilities, Weirdness & Mutations

You have a pair of small horns on your head.
You are partially covered in sharp spines.
You are mostly covered in razor-sharp scales. (AC +2, Slay +2)


Message History

A wight comes into view. It is wielding a +4 trident.
You punch the jelly!
Your hands burn!
The jelly is severely wounded.
The jelly is struck by your spines. The jelly hits you. The acid corrodes you!
You are splashed with acid!
You hit the jelly.
You kill the jelly!
The Council accepts your kill. 3 wights come into view.
The wight hits you but does no damage. The wight attacks as it pursues you!
The wight hits you from afar with a +4 trident!
You feel drained. The wight misses you. The wight barely misses you.
You lunge at the wight.
You hit the wight but do no damage. You completely miss the wight.
Your punch misses the wight. You hit the wight but do no damage.
You headbutt the wight.
The wight is lightly damaged.
The wight hits you from afar with a +4 trident.
You feel drained.
You completely miss the wight.
The wight is lightly damaged.
The wight misses you. x2
You punch the wight!
You headbutt the wight, but do no damage.
You punch the wight.
You destroy the wight!
The Council accepts your kill. The wight barely misses you.
Your life force feels restored.
You hit the wight but do no damage. You punch the wight, but do no damage.
The wight barely misses you.
The wight hits you with a +3 morningstar!!
You hit the wight.
The wight is moderately damaged.
The wight hits you from afar with a +4 trident!
* * * LOW HITPOINT WARNING * * *
The wight hits you with a +3 morningstar!
You die...

#####..)....'...#.....
#...#..)....#...#.....
#...'.....).######.#..
. #...#...))..# #.#..
....########'####
.##.##.
.........##...# ##.#
#.
#...z..#zz#8.8###...
...(
######.##z#...#...#
.### #. #@##.##..# # #
#. #.)#'#...# . ##
#........## ## #
#.....)...#.... .
#....#............
#....#...#........
#....##)##........
#....##)#.........
####....#.........


You could see 3 wights.

Vanquished Creatures
  A steam dragon (D:6)
  The ghost of LoggersVIII the Sneak, an amateur OpEE (D:4)
  An orc warrior (D:6)
  A black bear (D:6)
  A sky beast (D:6)
  2 ogres
  A phantom (D:4)
  A kobold brigand (D:4)
  A scorpion (D:4)
  A wight (D:6)
  A howler monkey (D:6)
  2 hounds
  6 orc priests
  A jelly (D:6)
  2 iguanas (D:5)
  Jessica (D:2)
  A sleepcap (D:6)
  4 orc wizards
  3 gnolls (D:2)
  6 adders
  A white imp (D:6)
  4 ufetubi
  3 ribbon worms (D:3)
  2 dart slugs (D:3)
  28 orcs
  4 ball pythons
  7 endoplasms
  A giant cockroach (D:1)
  4 goblins
  6 hobgoblins
  4 jackals (D:2)
  3 quokkas
  5 bats
  4 frilled lizards
  18 kobolds
  9 rats
141 creatures vanquished.

Notes
Turn   | Place    | Note
-------+----------+-------------------------------------------
     0 | D:1      | Rassilon the Demonspawn Monk began the quest for the Orb.
     0 | D:1      | Reached XP level 1. HP: 18/18 MP: 1/1
   213 | D:1      | Reached skill level 3 in Unarmed Combat
   219 | D:1      | Gained mutation: You are partially covered in razor-sharp
                  | scales. (AC +1, Slay +1) [demonic ancestry]
   219 | D:1      | Reached XP level 2. HP: 17/24 MP: 2/2
   795 | D:2      | Gained mutation: You are mostly covered in razor-sharp
                  | scales. (AC +2, Slay +2) [demonic ancestry]
   795 | D:2      | Reached XP level 3. HP: 29/29 MP: 3/3
  1011 | D:2      | Reached XP level 4. HP: 23/35 MP: 4/4
  1147 | D:2      | Noticed Jessica
  1161 | D:2      | Killed Jessica
  1266 | D:2      | Reached skill level 4 in Unarmed Combat
  1611 | D:3      | Gained mutation: You are partially covered in sharp spines.
                  | [demonic ancestry]
  1611 | D:3      | Reached XP level 5. HP: 42/42 MP: 5/5
  1696 | D:3      | Found a sparkling altar of Nemelex Xobeh.
  1697 | D:3      | Noticed an ogre
  1704 | D:3      | Killed an ogre
  1923 | D:3      | Reached XP level 6. HP: 48/48 MP: 6/6
  2311 | D:4      | Reached skill level 5 in Unarmed Combat
  2490 | D:4      | Gained mutation: You have a pair of small horns on your
                  | head. [demonic ancestry]
  2490 | D:4      | Reached XP level 7. HP: 55/55 MP: 7/7
  2541 | D:4      | Found a staircase to the Ecumenical Temple.
  2550 | Temple   | Entered the Ecumenical Temple
  2561 | Temple   | Became a worshipper of the Wu Jian Council
  2561 | Temple   | Reached * piety under Wu Jian
  2561 | Temple   | Reached ** piety under Wu Jian
  2862 | D:4      | Found a runed translucent gate.
  2862 | D:4      | Found a runed translucent gate.
  2863 | D:4      | Found a runed translucent gate.
  2863 | D:4      | Noticed LoggersVIII's ghost (amateur OpEE)
  2954 | D:4      | Killed LoggersVIII's ghost
  2955 | D:4      | Reached skill level 5 in Fighting
  2955 | D:4      | Reached skill level 6 in Unarmed Combat
  3054 | D:5      | Entered Level 5 of the Dungeon
  3580 | D:5      | Reached skill level 5 in Dodging
  3580 | D:5      | Reached XP level 8. HP: 63/63 MP: 8/8
  3788 | D:6      | Reached skill level 7 in Unarmed Combat
  3829 | D:6      | Found a stormy altar of Qazlal.
  3959 | D:6      | Found the +1 Delatra's gloves {ID++}
  3966 | D:6      | Reached *** piety under Wu Jian
  4062 | D:6      | Slain by a wight

Illustrated notes

Levels and vault maps discovered:
D:1:      kilobyte_arrival_exit_the_forest, layout_rooms, kennysheep_boxes
D:2:      layout_loops_ring, nrook_campfire, minmay_cupped, uniq_jessica
D:3:      layout_loops_ring, mainiacjoe_overflow_cross_hatched
D:4:      layout_rooms, minmay_temple_entry_overgrown,
          gammafunk_ghost_nasty_kobolds
D:5:      layout_basic
D:6:      layout_rooms, mainiacjoe_overflow_two_lobes, nicolae_benzene_ring,
          pf_guarded_unrand_delatra
Temple:   nicolae_temple_bog_church

Skill      XL: |  1  2  3  4  5  6  7  8 |
---------------+-------------------------+-----
Unarmed Combat | 3 4 5 6 7 |  7.7
Dodging        | 3 4 5 |  5.7
Fighting       | 4 5 6 |  6.3

Action                     |  1- 3 |  4- 6 |  7- 9 || total
---------------------------+-------+-------+-------++-------
  Melee: Unarmed           |   112 |   130 |   123 ||   365
         Punch             |       |     3 |     3 ||     6
         Headbutt          |       |       |    24 ||    24
Ability: Lunge             |       |       |    13 ||    13
         Whirlwind         |       |       |    10 ||    10
    Use: Potion            |       |     1 |     3 ||     4
         Scroll            |       |       |    10 ||    10
   Stab: Sleeping          |     1 |     2 |     3 ||     6
 Armour: Robe              |     7 |    45 |    69 ||   121
         Leather armour    |    37 |    11 |       ||    48
  Dodge: Dodged            |    65 |    52 |    62 ||   179
